[Event "plancoët 2012"]
[Site "?"]
[Date "2012.07.29"]
[Round "1"]
[White "vovk, andrey"]
[Black "kaulfuss, helmut"]
[Result "1-0"]
[ECO "B00"]
[WhiteElo "2549"]
[BlackElo "2181"]
[Annotator "Pierre-Jean Allory"]
[PlyCount "59"]
[TimeControl "240+2"]

{512MB, Opening Tree.ctg} 1. e4 Nc6 2. Nf3 d6 3. h3 Nf6 4. Nc3
e6 5. d4 Be7 6. a3 O-O 7. Bd3 e5 8. d5 Nb8 9. Ne2 c5 10. c4 a6 11. Nc3 Nbd7 12.
g4 Re8 13. Be3 Nf8 14. g5 N6d7 15. h4 f6 16. Qd2 Ng6 17. Ne2 Ndf8 18. Rg1 Bd7
19. h5 Nh8 20. g6 hxg6 21. hxg6 Nhxg6 22. Ng3 Kf7 23. Nf5 Nh7 24. O-O-O Rg8 25.
Rg3 Bxf5 26. exf5 Nf4 27. Bxf4 exf4 28. Qxf4 Ng5 29. Nh4 Rh8 30. Qg4 1-0

[Event "plancoët 2012"]
[Site "?"]
[Date "2012.07.29"]
[Round "1"]
[White "malakhatko, vadim"]
[Black "bolon, karelle"]
[Result "1-0"]
[ECO "D30"]
[WhiteElo "2530"]
[BlackElo "2107"]
[Annotator "Pierre-Jean Allory"]
[PlyCount "65"]
[TimeControl "240+2"]

{512MB, Opening Tree.ctg} 1. c4 c6 2. Nf3 d5
3. d4 e6 4. Qc2 Nf6 5. g3 a6 6. Bg2 b5 7. c5 Nbd7 8. h3 Bb7 9. Bf4 Nh5 10. Bd2
Nhf6 11. Nc3 Be7 12. g4 Qc7 13. Qc1 e5 14. Nxe5 Nxe5 15. Bf4 Nd3+ 16. exd3 Qd7
17. Ne2 h5 18. g5 Nh7 19. h4 Nf8 20. Bh3 Qd8 21. Be5 Rg8 22. Qe3 Bc8 23. Nf4 g6
24. Kf1 Bxh3+ 25. Rxh3 Qd7 26. a4 Ne6 27. axb5 cxb5 28. Kg2 Qc6 29. Rhh1 Kd7
30. Rhe1 Rae8 31. Qf3 Nxf4+ 32. Bxf4 f5 33. Re5 1-0

[Event "plancoët 2012"]
[Site "?"]
[Date "2012.07.30"]
[Round "2"]
[White "Mista, Aleksander"]
[Black "Pucher, Olivier"]
[Result "1-0"]
[ECO "B33"]
[WhiteElo "2541"]
[BlackElo "2352"]
[Annotator "Maël Corbel"]
[PlyCount "67"]
[EventDate "2012.??.??"]
[TimeControl "240+2"]

{512MB, Opening Tree.ctg} 1. e4 c5 2. Nf3 Nc6 3. d4 cxd4 4. Nxd4 Nf6 5. Nc3 e5
6. Ndb5 d6 7. Bg5 a6 8. Na3 b5 9. Bxf6 gxf6 10. Nd5 f5 11. Bd3 Be6 12. c3 Bg7
13. Qh5 O-O 14. O-O fxe4 15. Bxe4 f5 16. Nf4 exf4 17. Bxc6 Rc8 18. Bb7 Rb8 19.
Qe2 Qd7 20. Bxa6 f3 21. Qd3 b4 22. Nb5 bxc3 23. bxc3 fxg2 24. Rfe1 Rb6 25. Nd4
Bd5 26. Bc4 Qf7 27. Bxd5 Qxd5 28. a4 f4 29. a5 Rb2 30. a6 f3 31. Re3 Be5 32.
Nxf3 Qc6 33. a7 Bf4 34. Re7 1-0

[Event "Plancoët 2012"]
[Site "?"]
[Date "2012.08.02"]
[Round "?"]
[White "Colin, Vincent"]
[Black "Polard, Gaëtan"]
[Result "1-0"]
[ECO "E12"]
[WhiteElo "2391"]
[BlackElo "2246"]
[Annotator ",Seb"]
[PlyCount "91"]
[EventDate "2012.??.??"]
[TimeControl "240+2"]

{512MB, Opening Tree.ctg} 1. c4 e6 2. d4 Nf6 3. Nf3 b6 4. a3
Ba6 5. Qc2 Bb7 6. Nc3 c5 7. e4 cxd4 8. Nxd4 d6 9. Bg5 Nbd7 10. O-O-O a6 11. f4
h6 12. Bxf6 Qxf6 13. g3 Qd8 14. Bh3 Qc7 15. Qe2 Rc8 16. Nxe6 fxe6 17. Bxe6 Rb8
18. Rhe1 Bc6 19. e5 Kd8 20. Kb1 Kc8 21. Nb5 Bxb5 22. cxb5 Kb7 23. exd6 Qd8 24.
bxa6+ Ka7 25. Qb5 Nc5 26. d7 Be7 27. Bh3 Rf8 28. Re2 Bf6 29. Qc6 Nxa6 30. Rc2
b5 31. Rdc1 Qb6 32. Qf3 Rfd8 33. Rc6 Qd4 34. R1c2 Rxd7 35. Rxa6+ Kxa6 36. Qc6+
Ka7 37. Bxd7 Rb7 38. Bc8 Rb6 39. Qc7+ Ka8 40. Bh3 Qd1+ 41. Ka2 Qd5+ 42. b3 Rb7
43. Qa5+ Ra7 44. Rc8+ Kb7 45. Rc7+ Ka8 46. Qxa7# 1-0

[Event "Plancoet 2012"]
[Site "?"]
[Date "2012.08.04"]
[Round "9.1"]
[White "Bailet, Pierre"]
[Black "Vovk, Andrey"]
[Result "1/2-1/2"]
[ECO "B67"]
[WhiteElo "2426"]
[BlackElo "2549"]
[Annotator "SC"]
[PlyCount "84"]
[TimeControl "240+2"]

{512MB, Opening Tree.ctg} 1. e4 c5 2. Nf3 d6 3. d4 cxd4 4. Nxd4 Nf6 5. Nc3 Nc6
6. Bg5 e6 7. Qd2 a6 8. O-O-O Bd7 9. f4 b5 10. Nxc6 Bxc6 11. Qe3 h6 12. Bh4 Be7
13. Bxf6 gxf6 14. f5 Qa5 15. Kb1 b4 16. Ne2 Qe5 17. Nd4 Bxe4 18. fxe6 fxe6 19.
Bd3 Bxg2 20. Qg1 Bxh1 21. Re1 Bd5 22. Rxe5 dxe5 23. Nb3 f5 24. Qg7 Kd7 25. Qxe5
Rag8 26. Bxf5 Bxb3 27. axb3 exf5 28. Qxf5+ Ke8 29. Qh5+ Kd8 30. Qd5+ Kc7 31.
Qa5+ Kd7 32. Qf5+ Ke8 33. Qh5+ Kf8 34. Qf5+ Kg7 35. Qg4+ Kf7 36. Qc4+ Kf8 37.
Qc8+ Kg7 38. Qg4+ Kf6 39. Qf4+ Kg6 40. Qe4+ Kf7 41. Qc4+ Ke8 42. Qc6+ Kf8
1/2-1/2

[Event "Plancoet 2012"]
[Site "?"]
[Date "2012.08.04"]
[Round "9.3"]
[White "Guliyev, Namig"]
[Black "Milchev, Nikolay"]
[Result "1-0"]
[ECO "C60"]
[WhiteElo "2539"]
[BlackElo "2421"]
[Annotator ",Seb"]
[PlyCount "143"]
[TimeControl "240+2"]

{512MB, Opening Tree.ctg} 1. e4 e5 2. Nf3 Nc6 3. Bb5 Nge7 4. Nc3 g6 5. d4 exd4
6. Nd5 Bg7 7. Bg5 h6 8. Bf6 Bxf6 9. Nxf6+ Kf8 10. O-O Nf5 11. Nd5 Ng7 12. Qd2
d6 13. Rfe1 Bg4 14. Nxd4 Bd7 15. Bf1 Kg8 16. Rad1 Be6 17. c4 Kh7 18. Nb5 Ne8
19. Qc3 Rc8 20. Qe3 a6 21. Nbc3 Nf6 22. f4 Re8 23. Qf2 Nb8 24. h3 Bxd5 25. cxd5
Nbd7 26. g3 Re7 27. Bg2 Qh8 28. Re2 Rce8 29. Rde1 Nc5 30. Re3 Ncd7 31. Kh2 Qg7
32. Qd2 g5 33. R3e2 Nh5 34. Qe3 gxf4 35. gxf4 Rg8 36. Qf3 Qg3+ 37. Qxg3 Nxg3
38. Rf2 f5 39. e5 dxe5 40. Rf3 Reg7 41. fxe5 Ne4 42. Bh1 Ng3 43. e6 Nf6 44. Rf2
Nxh1 45. Kxh1 Rg3 46. Kh2 R3g5 47. e7 Kg6 48. Re6 Kf7 49. Rfe2 Re8 50. d6 cxd6
51. Rxd6 Ne4 52. Nxe4 fxe4 53. Rxe4 Rxe7 54. Rxe7+ Kxe7 55. Rxh6 Rb5 56. b3 Ra5
57. a4 Kd7 58. Rb6 Kc7 59. Rg6 Rd5 60. h4 Rd3 61. Rg3 Rd5 62. Kh3 b5 63. axb5
Rxb5 64. Rd3 a5 65. Kg4 a4 66. bxa4 Rb4+ 67. Kg5 Rxa4 68. h5 Ra1 69. h6 Rg1+
70. Kh4 Rg8 71. Kh5 Rg1 72. Rh3 1-0

[Event "Plancoet 2012"]
[Site "?"]
[Date "2012.08.04"]
[Round "9.4"]
[White "Colin, Vincent"]
[Black "Istratescu, Andrei"]
[Result "1/2-1/2"]
[ECO "A29"]
[WhiteElo "2391"]
[BlackElo "2641"]
[Annotator ",Seb"]
[PlyCount "99"]
[TimeControl "240+2"]

{512MB, Opening Tree.ctg} 1. c4 e5 2. g3 Nf6 3. Bg2 d5 4. cxd5 Nxd5 5. Nf3 Nc6
6. O-O Nb6 7. a3 Be7 8. Nc3 a5 9. d3 Be6 10. Be3 Nd5 11. Nxd5 Bxd5 12. Qa4 O-O
13. Rfc1 Re8 14. Rc3 Bd6 15. Rac1 Ne7 16. Qh4 b6 17. Ng5 h6 18. Ne4 Bxe4 19.
Bxe4 Rb8 20. g4 Ng6 21. Qxd8 Rexd8 22. Kg2 Nf4+ 23. Bxf4 exf4 24. b4 axb4 25.
axb4 b5 26. Kf3 Rb6 27. Rc6 Rdb8 28. h4 g6 29. Rxc7 Bxc7 30. Rxc7 Rd6 31. Kxf4
Rd4 32. Ke5 Rxb4 33. Bd5 Re8+ 34. Kd6 Rf4 35. e4 Rxf2 36. Rb7 Rf4 37. e5 Rf8
38. e6 fxe6 39. Bxe6+ Kh8 40. Ke5 h5 41. gxh5 gxh5 42. d4 Rxh4 43. d5 Rh2 44.
Kd6 h4 45. Ke7 Kg7 46. Rxb5 Rf6 47. d6 h3 48. Rg5+ Rg6 49. Rxg6+ Kxg6 50. d7
1/2-1/2

[Event "Plancoet 2012"]
[Site "?"]
[Date "2012.08.04"]
[Round "9.5"]
[White "Brochet, Philippe"]
[Black "Kukov, Velislav"]
[Result "1/2-1/2"]
[ECO "B12"]
[WhiteElo "2390"]
[BlackElo "2404"]
[Annotator ",Seb"]
[PlyCount "116"]
[TimeControl "240+2"]

{512MB, Opening Tree.ctg} 1. e4 c6 2. d4 d5 3. e5 Bf5 4. Nf3 e6 5. c4 Ne7 6.
Nc3 Nd7 7. a3 dxc4 8. Bxc4 Nb6 9. Bd3 Ned5 10. Ne4 Bxe4 11. Bxe4 a5 12. Ng5 Be7
13. h4 Bxg5 14. hxg5 Qc7 15. g6 f5 16. Rxh7 Rxh7 17. gxh7 O-O-O 18. Bxd5 Nxd5
19. Qh5 Rh8 20. Qg6 Qd7 21. Bd2 b6 22. O-O-O Kb7 23. Rh1 Ka6 24. g4 f4 25. g5
b5 26. Rh4 b4 27. Qd3+ Kb7 28. g6 Qe7 29. Rg4 Qf8 30. a4 Qd8 31. Bxf4 Nxf4 32.
Rxf4 Qg5 33. Qg3 Qh6 34. Qh4 Qxg6 35. Qe7+ Kb6 36. Rf7 Qh6+ 37. Kb1 Qh1+ 38.
Ka2 b3+ 39. Ka3 Qa1+ 40. Kxb3 Qd1+ 41. Ka2 Qxa4+ 42. Qa3 Qxa3+ 43. Kxa3 Rxh7
44. Kb3 Rh4 45. Rd7 Rf4 46. Rxg7 Rxd4 47. Rg6 Kc5 48. Rxe6 Rb4+ 49. Kc3 Kd5 50.
Rh6 Kxe5 51. Rxc6 Rf4 52. Rc8 Rf3+ 53. Kc4 Rxf2 54. Kb3 Kd6 55. Ka3 Rf5 56. Ka4
Kd5 57. Rb8 Kc6 58. b3 Rh5 1/2-1/2

[Event "Plancoet 2012"]
[Site "?"]
[Date "2012.08.04"]
[Round "9.6"]
[White "Polard, Gaetan"]
[Black "Mladenov, Plamen"]
[Result "1-0"]
[ECO "B58"]
[WhiteElo "2246"]
[BlackElo "2401"]
[Annotator ",Seb"]
[PlyCount "135"]
[TimeControl "240+2"]

{512MB, Opening Tree.ctg} 1. e4 c5 2. Nf3 d6 3. d4 cxd4 4. Nxd4 Nf6 5. Nc3 Nc6
6. Be2 e5 7. Nf3 h6 8. O-O Be7 9. h3 O-O 10. Nh2 Be6 11. Ng4 Nh7 12. Ne3 a6 13.
a4 Bg5 14. Ncd5 g6 15. c3 Kg7 16. Nc4 Bxc1 17. Rxc1 Ng5 18. Qd3 b5 19. axb5
axb5 20. Nce3 Rb8 21. b4 Rb7 22. Ra1 Qd7 23. Ra6 Nb8 24. Ra5 Nc6 25. Ra6 f5 26.
exf5 gxf5 27. f4 Ne4 28. Kh2 Ne7 29. Bf3 Nxd5 30. Nxd5 Qf7 31. Ne3 exf4 32.
Nxf5+ Qxf5 33. Bxe4 Qe5 34. Qxd6 Qxe4 35. Qxe6 Qxe6 36. Rxe6 Rc7 37. Rf3 Rff7
38. Re5 Rb7 39. Re4 Rbc7 40. Rexf4 Rxf4 41. Rxf4 Rxc3 42. Rf5 Rb3 43. Rxb5 Kg6
44. h4 Kg7 45. Rb6 h5 46. Rb5 Kh6 47. g3 Rb2+ 48. Kg1 Rb1+ 49. Kf2 Rb3 50. Kg2
Rb1 51. Rb6+ Kh7 52. Kf3 Rb3+ 53. Kf4 Kg7 54. Rb5 Kh6 55. g4 hxg4 56. Kxg4 Rd3
57. h5 Rd4+ 58. Kf3 Rd3+ 59. Ke4 Rb3 60. Kd4 Rb1 61. Kc3 Rc1+ 62. Kb2 Rh1 63.
Rf5 Rh2+ 64. Kb3 Rh1 65. Kc4 Rc1+ 66. Kd5 Rb1 67. Kc5 Rc1+ 68. Kb6 1-0

[Event "Plancoet 2012"]
[Site "?"]
[Date "2012.08.04"]
[Round "9.7"]
[White "Serafimov, Tervel"]
[Black "Otmani, Kamel"]
[Result "1/2-1/2"]
[ECO "A16"]
[WhiteElo "2425"]
[BlackElo "2090"]
[Annotator ",Seb"]
[PlyCount "137"]
[TimeControl "240+2"]

{512MB, Opening Tree.ctg} 1. g3 Nf6 2. Bg2 g6 3. c4 Bg7 4. Nc3 O-O 5. d3 d6 6.
Rb1 c6 7. e4 c5 8. Nge2 Nc6 9. O-O a6 10. a3 Rb8 11. b4 cxb4 12. axb4 b5 13.
cxb5 axb5 14. d4 e5 15. d5 Ne7 16. Ra1 Bd7 17. Qd3 Ra8 18. Bd2 Qb6 19. Rfc1 Ng4
20. Be1 f5 21. Rxa8 Rxa8 22. Bh3 Nf6 23. Qd1 g5 24. Bd2 h6 25. Ra1 Qb7 26. Bg2
f4 27. Rxa8+ Qxa8 28. Nc1 Nc8 29. Qe2 Qa6 30. Bf1 Nb6 31. Nxb5 Bxb5 32. Qxb5
Qxb5 33. Bxb5 Nxe4 34. Be1 Nf6 35. Bc6 Nfxd5 36. b5 Ne7 37. Bb7 fxg3 38. hxg3
Kf7 39. Ba5 Nc4 40. Bc7 e4 41. Bxe4 Bd4 42. Bd3 d5 43. Kg2 Bb6 44. Bb8 Nc8 45.
Ne2 N8d6 46. Nc3 Ke6 47. Bh7 d4 48. Na4 Bd8 49. Nc5+ Kd5 50. Nb3 Bb6 51. Kf1
Ke6 52. Ke2 Kd7 53. Bd3 Ne5 54. Bb1 d3+ 55. Kf1 Ng4 56. Bxd3 Nxf2 57. Be2 Nfe4
58. Kg2 Nc3 59. Bxd6 Kxd6 60. Bd3 Ke5 61. Kf3 h5 62. Bf1 g4+ 63. Kg2 Bd8 64.
Bd3 Nxb5 65. Bxb5 h4 66. Nd2 Kd4 67. Bd7 hxg3 68. Kxg3 Bc7+ 69. Kxg4 {et nulle
en 116 coups} 1/2-1/2

[Event "Plancoet 2012"]
[Site "?"]
[Date "2012.08.04"]
[Round "9.8"]
[White "Pucher, Olivier"]
[Black "Cartier, Nicolas"]
[Result "1-0"]
[ECO "E97"]
[WhiteElo "2352"]
[BlackElo "2050"]
[Annotator ",Seb"]
[PlyCount "83"]
[TimeControl "240+2"]

{512MB, Opening Tree.ctg} 1. d4 Nf6 2. c4 g6 3. Nc3 Bg7 4. e4 d6 5. Be2 O-O 6.
Nf3 e5 7. O-O Nc6 8. d5 Ne7 9. b4 Ne8 10. c5 h6 11. Nd2 f5 12. a4 h5 13. Ba3 f4
14. Nc4 Bh6 15. b5 b6 16. cxd6 cxd6 17. Bb4 Rb8 18. Nxe5 dxe5 19. d6 Nxd6 20.
Qxd6 Qxd6 21. Bxd6 Rb7 22. Nd5 Bg5 23. Bc4 Kh7 24. Rfd1 f3 25. h3 fxg2 26. Kxg2
Bh4 27. f3 Re8 28. Nc7 Rf8 29. Rac1 Rd8 30. Bxe5 Rxd1 31. Rxd1 Bf6 32. Bxf6
Rxc7 33. Rd8 g5 34. Bxe7 Rxc4 35. Bxg5 Be6 36. Rd6 Kg6 37. Be3 Kf7 38. a5 bxa5
39. Ra6 a4 40. Rxa7+ Kf6 41. b6 Rb4 42. b7 1-0

[Event "Plancoet 2012"]
[Site "?"]
[Date "2012.08.04"]
[Round "9.9"]
[White "Larcheveque, Francois"]
[Black "Bernard, Christophe"]
[Result "1/2-1/2"]
[ECO "D97"]
[WhiteElo "2042"]
[BlackElo "2290"]
[Annotator ",Seb"]
[PlyCount "116"]
[TimeControl "240+2"]

{512MB, Opening Tree.ctg} 1. d4 Nf6 2. c4 g6 3. Nc3 d5 4. Nf3 Bg7 5. Qb3 dxc4
6. Qxc4 O-O 7. e4 a6 8. Qb3 c5 9. dxc5 Nbd7 10. Qa3 Qc7 11. Be3 Ng4 12. Bg5 f6
13. Bh4 Qxc5 14. Qxc5 Nxc5 15. Bc4+ Be6 16. Bxe6+ Nxe6 17. O-O Rfd8 18. Rfd1 h5
19. h3 Nh6 20. Bg3 Kf7 21. Kf1 Rxd1+ 22. Rxd1 Rd8 23. Rxd8 Nxd8 24. Bc7 Nc6 25.
Ke2 Ke6 26. Bb6 f5 27. Ng5+ Kd6 28. f4 Bxc3 29. bxc3 fxe4 30. Nxe4+ Kd5 31. Kd3
Nb8 32. Bd8 e6 33. Nf6+ Kd6 34. Bb6 Nf5 35. g4 hxg4 36. hxg4 Ne7 37. c4 Nc8 38.
Bd4 Nc6 39. Ne4+ Kc7 40. Bc3 b6 41. Nd2 Nd6 42. Nf3 Nb7 43. Ne5 Nc5+ 44. Ke3
Nxe5 45. Bxe5+ Kd7 46. Ba1 Kd6 47. Bg7 Nd7 48. Bc3 Kc5 49. Kd3 a5 50. a3 Kd6
51. Ke4 Nc5+ 52. Ke3 Nd7 53. Bd4 e5 54. Bb2 Ke6 55. Kf3 a4 56. Bc3 Kd6 57. Bb4+
Ke6 58. Bc3 Kd6 1/2-1/2

[Event "Plancoet 2012"]
[Site "?"]
[Date "2012.08.04"]
[Round "9.10"]
[White "Le Masle, Raphael"]
[Black "Daurelle, Herve"]
[Result "1/2-1/2"]
[ECO "A46"]
[WhiteElo "2007"]
[BlackElo "2241"]
[Annotator ",Seb"]
[PlyCount "40"]
[TimeControl "240+2"]

{512MB, Opening Tree.ctg} 1. d4 Nf6 2. Nf3 e6 3. Bg5 h6 4. Bh4 d6 5. Nc3 g5 6.
Bg3 Nh5 7. e4 Bg7 8. e5 Nxg3 9. hxg3 Nc6 10. Bb5 dxe5 11. Nxe5 Bd7 12. Bxc6
Bxc6 13. Nxc6 bxc6 14. Qf3 O-O 15. Rd1 Rb8 16. b3 e5 17. dxe5 Qe7 18. O-O Qxe5
19. Na4 Rbd8 20. Rfe1 Rxd1 1/2-1/2

[Event "Plancoet 2012"]
[Site "?"]
[Date "2012.08.03"]
[Round "8.1"]
[White "Guliyev, Namig"]
[Black "Mista, Aleksander"]
[Result "1/2-1/2"]
[ECO "B33"]
[WhiteElo "2539"]
[BlackElo "2541"]
[Annotator ",Seb"]
[PlyCount "105"]
[TimeControl "240+2"]

{512MB, Opening Tree.ctg} 1. e4 c5 2. Nf3 Nc6 3. d4 cxd4 4. Nxd4 Nf6 5. Nc3 e5
6. Ndb5 d6 7. Bg5 a6 8. Na3 b5 9. Bxf6 gxf6 10. Nd5 Bg7 11. Bd3 Ne7 12. Nxe7
Qxe7 13. O-O O-O 14. c4 f5 15. Qh5 Rb8 16. exf5 e4 17. Rae1 Bb7 18. Qg4 Rfe8
19. cxb5 d5 20. bxa6 Bc6 21. Rc1 exd3 22. Rxc6 Qe2 23. h3 Rxb2 24. f6 Qxg4 25.
hxg4 Bf8 26. Nb1 Rxa2 27. Rc3 d2 28. Rd3 Bb4 29. Rxd5 Rxa6 30. Nxd2 Bxd2 31.
Rxd2 Rxf6 32. f3 h6 33. Kf2 Kg7 34. Kg3 Re7 35. Rd5 Ra6 36. Rf2 Rea7 37. Rfd2
Ra2 38. g5 Rxd2 39. gxh6+ Kxh6 40. Rxd2 Ra6 41. Rd5 Ra2 42. f4 Kg6 43. Rg5+ Kf6
44. Kf3 Ra3+ 45. Kg4 Ra2 46. g3 Ra3 47. Rb5 Kg6 48. Rb6+ Kg7 49. f5 f6 50. Rb7+
Kh6 51. Kh4 Ra4+ 52. g4 Rxg4+ 53. Kxg4 1/2-1/2

[Event "Plancoet 2012"]
[Site "?"]
[Date "2012.08.03"]
[Round "8.3"]
[White "Kukov, Velislav"]
[Black "Bailet, Pierre"]
[Result "1/2-1/2"]
[ECO "A49"]
[WhiteElo "2404"]
[BlackElo "2426"]
[Annotator ",Seb"]
[PlyCount "25"]
[TimeControl "240+2"]

{512MB, Opening Tree.ctg} 1. d4 d6 2. Nf3 Nf6 3. g3 g6 4. Bg2 Bg7 5. O-O O-O 6.
a4 a5 7. Re1 Ne4 8. c3 c6 9. Nfd2 Nxd2 10. Nxd2 Nd7 11. e4 e5 12. dxe5 Nxe5 13.
Qc2 1/2-1/2

[Event "Plancoet 2012"]
[Site "?"]
[Date "2012.08.04"]
[Round "8.4"]
[White "Vovk, Andrey"]
[Black "Pucher, Olivier"]
[Result "1-0"]
[ECO "B33"]
[WhiteElo "2549"]
[BlackElo "2352"]
[Annotator ",Seb"]
[PlyCount "79"]
[TimeControl "240+2"]

{512MB, Opening Tree.ctg} 1. e4 c5 2. Nf3 Nc6 3. d4 cxd4 4. Nxd4 Nf6 5. Nc3 e5
6. Ndb5 d6 7. Bg5 a6 8. Na3 b5 9. Nd5 Be7 10. Bxf6 Bxf6 11. c4 b4 12. Nc2 O-O
13. h4 Be6 14. Qf3 Be7 15. g3 Qb8 16. h5 h6 17. Bh3 Bg5 18. Bf5 Bxf5 19. exf5
e4 20. Qd1 Ne5 21. b3 Qa7 22. Kf1 Nd3 23. Qe2 Rae8 24. Ncxb4 Nc1 25. Qc2 a5 26.
Nc6 Qc5 27. Rxc1 Qxc6 28. Re1 Re5 29. Re2 Rc8 30. Qb1 Qb7 31. Kg2 Rxf5 32. Rxe4
Rxd5 33. cxd5 Qxd5 34. Rd1 Qb7 35. Kg1 f5 36. Red4 Qf3 37. Qd3 Qxh5 38. Qxf5
Rc5 39. Qe6+ Kh8 40. Rxd6 1-0

[Event "Plancoet 2012"]
[Site "?"]
[Date "2012.08.06"]
[Round "8.5"]
[White "Istratescu, Andrei"]
[Black "Bleunven, Andre"]
[Result "1-0"]
[ECO "B22"]
[WhiteElo "2641"]
[BlackElo "2221"]
[Annotator ",Seb"]
[PlyCount "59"]
[TimeControl "240+2"]

{512MB, Opening Tree.ctg} 1. e4 c5 2. Nf3 e6 3. c3 Nf6 4. e5 Nd5 5. d4 cxd4 6.
cxd4 d6 7. Bc4 Nc6 8. O-O Be7 9. Qe2 O-O 10. Nc3 Nxc3 11. bxc3 dxe5 12. dxe5
Qa5 13. Bd2 Rd8 14. Rfe1 Bd7 15. Rab1 Rab8 16. Qe4 Qa4 17. Ng5 Bxg5 18. Bxg5
Rdc8 19. Bf6 gxf6 20. exf6 Kh8 21. Qd3 Na5 22. Rb4 Nxc4 23. Rxa4 Bxa4 24. h3
Nb6 25. Re5 Rd8 26. Qe4 Bc6 27. Qh4 Rd1+ 28. Kh2 Rd5 29. Re4 h5 30. Qf4 1-0

[Event "Plancoet 2012"]
[Site "?"]
[Date "2012.08.03"]
[Round "8.6"]
[White "Mladenov, Plamen"]
[Black "Bouget, Alexandre"]
[Result "1-0"]
[ECO "C63"]
[WhiteElo "2401"]
[BlackElo "2202"]
[Annotator ",Seb"]
[PlyCount "73"]
[TimeControl "240+2"]

{512MB, Opening Tree.ctg} 1. e4 e5 2. Nf3 Nc6 3. Bb5 f5 4. Nc3 fxe4 5. Nxe4 d5
6. Nxe5 dxe4 7. Nxc6 Qg5 8. Qe2 Nf6 9. f4 Qxf4 10. Nxa7+ Bd7 11. d4 Qh4+ 12. g3
Qh3 13. Bxd7+ Kxd7 14. Qb5+ Ke6 15. Qc4+ Kd7 16. Qb5+ Ke6 17. Qc4+ Kd7 18. Bf4
c6 19. d5 Nxd5 20. O-O-O Rxa7 21. Rxd5+ cxd5 22. Qc7+ Ke8 23. Qb8+ Kf7 24. Qxa7
Qd7 25. Rf1 Be7 26. Bg5+ Bf6 27. Qd4 Qc6 28. g4 Rc8 29. c3 Qe6 30. Bxf6 gxf6
31. g5 f5 32. h4 Rc4 33. Qh8 Kg6 34. h5+ Kxh5 35. Qxh7+ Kg4 36. Rg1+ Kf4 37.
Qh2+ 1-0

[Event "Plancoët 2012"]
[Site "?"]
[Date "2012.07.29"]
[Round "1"]
[White "Bouget, Alexandre"]
[Black "Istratescu, Andrei"]
[Result "0-1"]
[ECO "E14"]
[WhiteElo "2202"]
[BlackElo "2641"]
[Annotator "Pierre-Jean Allory"]
[PlyCount "48"]
[EventDate "2012.??.??"]
[TimeControl "240+2"]

{512MB, Opening Tree.ctg} 1. d4 e6 2. c4 Bb4+ 3. Nd2 d5 4. e3
Nf6 5. Ngf3 O-O 6. a3 Be7 7. b3 b6 8. Bd3 Bb7 9. Bb2 Nbd7 10. O-O a5 11. Qe2
Ne4 12. Rfd1 Bd6 13. Rac1 Qe7 14. Nb1 Rad8 15. Nfd2 f5 16. f3 Bxh2+ 17. Kxh2
Qh4+ 18. Kg1 Ng3 19. Qe1 Nf6 20. Nf1 Qh1+ 21. Kf2 Nge4+ 22. Bxe4 fxe4 23. Nh2
Qxh2 24. Qh1 Ng4+ 0-1

[Event "open plancoët 2012"]
[Site "?"]
[Date "2012.07.29"]
[Round "1"]
[White "caroff, frederic"]
[Black "mista, aleksander"]
[Result "0-1"]
[ECO "A00"]
[WhiteElo "2163"]
[BlackElo "2541"]
[Annotator "Pierre-Jean Allory"]
[PlyCount "68"]
[EventDate "2012.??.??"]
[TimeControl "240+2"]

{512MB, Opening Tree.ctg} 1. b4 Nf6 2. Bb2 e6 3. b5 d5 4. e3 c5 5. c4 Nbd7 6. a4 a5 7. Nf3 b6 8. d3 Bb7 9.
Nbd2 Qc7 10. Be2 Rd8 11. O-O Bd6 12. Qb3 O-O 13. Rfd1 Rfe8 14. Nf1 Ne5 15. Nxe5
Bxe5 16. Rac1 d4 17. e4 g5 18. f3 h5 19. Rb1 Kh7 20. Bc1 Rg8 21. Qc2 Rg6 22. g3
Nd7 23. Bd2 f5 24. Qc1 Rdg8 25. Re1 Bd6 26. Rb2 f4 27. Kg2 Ne5 28. Qb1 Qf7 29.
Bc1 g4 30. Nd2 fxg3 31. f4 Nf3 32. Nxf3 gxf3+ 33. Bxf3 gxh2+ 34. Kxh2 Bxf4+ 0-1

[Event "plancoët 2012"]
[Site "?"]
[Date "2012.07.29"]
[Round "1"]
[White "otmani, kamel"]
[Black "guliyev, namig"]
[Result "0-1"]
[ECO "B23"]
[WhiteElo "2090"]
[BlackElo "2539"]
[Annotator "Pierre-Jean Allory"]
[PlyCount "58"]
[EventDate "2012.??.??"]
[TimeControl "240+2"]

{512MB, Opening Tree.ctg} 1. e4 c5 2. Nc3 g6 3. f4 Bg7 4. Nf3
Nc6 5. Bc4 e6 6. O-O Nge7 7. e5 d5 8. exd6 Qxd6 9. Ne4 Qd8 10. d3 O-O 11. Qe1
b6 12. Qh4 Nf5 13. Qxd8 Rxd8 14. c3 Na5 15. g4 Nxc4 16. dxc4 Ne7 17. Nf2 Ba6
18. Nd2 Rd7 19. Re1 Rad8 20. Re2 Nd5 21. f5 exf5 22. gxf5 Nxc3 23. bxc3 Bxc3
24. Rb1 Bxd2 25. fxg6 (25. Bxd2) 25... Bxc4 26. gxh7+ Kxh7 27. Re4 Rg8+ 28. Kh1
Bd5 29. Bxd2 f5 0-1

[Event "plancoët 2012"]
[Site "?"]
[Date "2012.07.30"]
[Round "2"]
[White "istratescu, andrei"]
[Black "mladenov, plamen"]
[Result "1-0"]
[ECO "C60"]
[WhiteElo "2641"]
[BlackElo "2401"]
[Annotator "Pierre-Jean Allory"]
[PlyCount "89"]
[EventDate "2012.??.??"]
[TimeControl "240+2"]

{512MB, Opening Tree.ctg} 1. e4 e5 2. Nf3 Nc6 3. Bb5 Nge7 4.
Nc3 Ng6 5. h4 Bd6 6. d3 h5 7. a3 Be7 8. Bc4
Nd4 9. Ng5 Ne6 10. Qf3 Bf6 11. Nd5 c6 12. Nxe6 fxe6 13. Nxf6+ Qxf6 14. Qxf6
gxf6 15. g3 d5 16. Bb3 b6 17. f3 Bb7 18. Kf2 c5 19. Re1 Kf7 20. c3 b5 21. a4 a6
22. Be3 c4 23. Bc2 Bc6 24. axb5 axb5 25. Bc5 Rxa1 26. Rxa1 Ra8 27. Rxa8 Bxa8
28. d4 Bc6 29. Ke3 Nf8 30. Bxf8 Kxf8 31. dxe5 fxe5 32. exd5 exd5 33. f4 exf4+
34. gxf4 Kf7 35. Bd1 Kg6 36. Kd4 Be8 37. Bc2+ Kf6 38. Kxd5 Bf7+ 39. Kc5 Be8 40.
Be4 Ke6 41. Bc6 Bg6 42. Bxb5 Kf5 43. Bxc4 Kg4 44. b4 Kxh4 45. Bd5 1-0

[Event "Plancoët 2012"]
[Site "?"]
[Date "2012.07.30"]
[Round "2"]
[White "Kukov, Velislav"]
[Black "Vovk, Andrey"]
[Result "1/2-1/2"]
[ECO "A49"]
[WhiteElo "2404"]
[BlackElo "2549"]
[Annotator "Nicolas Favrel et Maël Corbel"]
[PlyCount "84"]
[EventDate "2012.??.??"]
[TimeControl "240+2"]

{512MB, Opening Tree.ctg} 1. d4 d6 2. Nf3 g6 3. g3 Bg7 4. Bg2 Nf6 5. O-O O-O 6.
a4 a5 7. Re1 Nbd7 8. e4 e5 9. dxe5 Nxe5 10. Nxe5 dxe5 11. Na3 Be6 12. b3 c6 13.
Qe2 Qc7 14. f3 Nd7 15. Be3 Rfb8 16. Red1 Bf8 17. Bf1 Bc5 18. Bxc5 Nxc5 19. Qe3
Qe7 20. Qc3 Nd7 21. Kg2 Qc5 22. Qxc5 Nxc5 23. Bc4 Bd7 24. c3 b5 25. axb5 cxb5
26. Bd5 Ra7 27. Nc2 Be6 28. Bxe6 fxe6 29. b4 Na4 30. bxa5 Rc8 31. Nb4 Rxa5 32.
Rd6 Raa8 33. Rxe6 Nxc3 34. Rc6 Ne2 35. Rxa8 Rxa8 36. Rc7 Nd4 37. Nd5 Rf8 38. f4
exf4 39. gxf4 Ne6 40. Rb7 Nxf4+ 41. Nxf4 Rxf4 42. Rxb5 Rxe4 1/2-1/2

[Event "plancoët 2012"]
[Site "?"]
[Date "2012.07.30"]
[Round "?"]
[White "Guliyev, namig"]
[Black "istratescu, andrei"]
[Result "0-1"]
[ECO "C01"]
[WhiteElo "2539"]
[BlackElo "2641"]
[Annotator "Pierre-Jean Allory"]
[PlyCount "112"]
[EventDate "2012.??.??"]
[TimeControl "240+2"]

{512MB, Opening Tree.ctg} 1. e4 e6 2. d4 d5 3. exd5 exd5 4.
Nf3 Bf5 5. Bd3 Qe7+ 6. Be3 Bxd3 7. Qxd3 Nc6 8. O-O O-O-O 9. Nbd2 f6 10. c3 Qf7
11. b4 Qg6 12. Qe2 Nge7 13. Nb3 Nf5 14. b5 Nb8 15. Bf4 Re8 16. Qd2 Nd7 17. c4
dxc4 18. Qa5 Bd6 19. Bxd6 Nxd6 20. Nc5 b6 21. Qxa7 bxc5 22. dxc5 Nxc5 23. Qa8+
Kd7 24. Qc6+ Kc8 25. Qxc5 Qf5 26. Qa7 Kd7 27. Rad1 Qxb5 28. a4 Qb6 29. Qxb6
cxb6 30. Nd2 Kc6 31. Rc1 b5 32. Rfd1 Ra8 33. axb5+ Kxb5 34. Nxc4 Nxc4 35. Rd7
g6 36. Rb7+ Ka6 37. Rf7 Rac8 38. Rxf6+ Kb5 39. h4 Rhf8 40. Rb1+ Kc5 41. Ra6 Ra8
42. Re6 Rfe8 43. Rxe8 Rxe8 44. Rb7 h5 45. Rg7 Re6 46. f3 Kd4 47. Kf2 Ke5 48.
Rc7 Nd6 49. Kg3 Nf5+ 50. Kh3 Kf6 51. Rc3 Re1 52. g3 Rg1 53. f4 Re1 54. Rc6+ Kg7
55. Rc7+ Kh6 56. Rc3 Re3 0-1

[Event "plancoët 2012"]
[Site "?"]
[Date "2012.07.30"]
[Round "3"]
[White "Malakhatko, Vadim"]
[Black "Daurelle, Hervé"]
[Result "1-0"]
[ECO "A73"]
[WhiteElo "2530"]
[BlackElo "2241"]
[Annotator "Maël Corbel"]
[PlyCount "52"]
[EventDate "2012.??.??"]
[TimeControl "240+2"]

{512MB, Opening Tree.ctg} 1. c4 Nf6 2. Nf3 e6 3. d4 c5 4. d5
exd5 5. cxd5 d6 6. Nc3 g6 7. Nd2 Bg7 8. e4 O-O 9. Be2 Na6 10. O-O Nc7 11. a4
Nfe8 12. Nc4 f5 13. exf5 Rxf5 14. Bg4 Rf7 15. h3 b6 16. Ne4 Bxg4 17. hxg4 h6
18. Ra3 Re7 19. Re1 Nf6 20. Nxf6+ Bxf6 21. Bxh6 Rxe1+ 22. Qxe1 Qd7 23. Qa1 Qxg4
24. Rg3 Qc8 25. Rxg6+ Kf7 26. Nxd6+ Ke7 1-0